Connexion

Bears vs Wolves

Created - 2 août 2023 at 08:16

Goals
1 2 3 OT1 SO T
Bears 1 2 0 0 1 3
Wolves 1 1 1 0 2 4
Shots
1 2 3 OT1 SO T
Bears 9 11 13 3 3 36
Wolves 10 9 12 3 3 34

GoalsPenalties
1st period
1. Bears , Joona Luoto 1 (Chad Krys 2, Dennis Gilbert 2) at 15:11
2. Wolves , Matt Tennyson 1 (Brett Seney 2, Mitchell Vande Sompel 3) at 16:07 (PP)
Cole Koepke (HER) for Goalie Interference (Minor) at 3:10
Dennis Gilbert (HER) for Holding (Minor) at 15:57
2nd period
3. Bears , Buddy Robinson 1 (Arttu Ruotsalainen 2, Lean Bergmann 2) at 0:55 (PP)
4. Wolves , Jeremiah Addison 1 (Adam Helewka 1, Louie Belpedio 2) at 8:15
5. Bears , Joona Luoto 2 (Justin Dowling 2, Chad Krys 3) at 8:38
Radim Simek (CHI) for Roughing (Minor) at 0:24
Kyle Burroughs (HER) for Roughing (Minor) at 10:17
Matt Tennyson (CHI) for Tripping (Minor) at 13:25
Gustav Olofsson (HER) for Tripping (Minor) at 17:27
3rd period
6. Wolves , Brett Seney 2 (Gregory Hofmann 2, Garrett Mitchell 3) at 19:02
Chad Krys (HER) for Holding (Minor) at 1:31
Jamie Devane (CHI) for Hooking (Minor) at 8:04
Kyle Burroughs (HER) for Holding (Minor) at 10:24
Overtime #1
No Goal
Shootout
Bears , Justin Dowling - Shot Misses the Net
Wolves, Brett Seney - Goal!
Bears , Cole Koepke - Goal!
Wolves, Gregory Hofmann - Stopped by Mikhal Berdin
Bears , Joona Luoto - Stopped by Felix Sandström
Wolves, Garrett Mitchell - Goal!
Goalie Stats
Mikhal Berdin (HER), 31 saves from 34 shots - (0,912), OTL, 0-2-1, 65:00 minutes
Felix Sandström (CHI), 33 saves from 36 shots - (0,917), W, 1-1-0, 64:58 minutes
3 StarsOfficial
1 - Joona Luoto (HER)
2 - Brett Seney (CHI)
3 - Jeremiah Addison (CHI)
Referees : Dean Morton and Justin StPierre
Linesman : David Brisebois and Pierre Racicot
Game Note
No Game Note
Finance
Level 1 -- Attendance: 870 (43,50%) -- Ticket Income 52 200 $
Level 2 -- Attendance: 284 (28,40%) -- Ticket Income 14 200 $
Total Attendance: 1154 (38,47%)
Total Ticket Income: 66 400 $
Other Income: 13 280 $
Total Income: 79 680 $



Team Name Goals Shots Shots Attemp Shots Blocked PIM HIT PP PK FO%
Bears 33675912171 / 3 (33%)154%
Wolves 43464106191 / 6 (17%)146%

Bears
Player Name POS G A P +/- PIM HIT SHT SB MP PP MP PP SHT PK MP PK SHT FO% FOT
Andreas BorgmanD000-1001017:470:0002:0100% 0
Arttu RuotsalainenC011-2011016:402:2900:00058% 19
Austin WatsonC/LW/RW0000011016:090:0000:0000% 0
Beck MalenstynLW0000002116:450:0000:0000% 0
Buddy RobinsonRW101-2031016:402:2910:0000% 0
Chad KrysD0221210219:491:4403:3800% 0
Christoffer EhnC/LW000000104:100:0000:00050% 4
Cole KoepkeLW0002237020:502:0005:470100% 1
Dennis GilbertD0111232120:451:4404:3400% 0
Gustav OlofssonD0000201125:422:4504:2600% 0
Jay BeagleC/RW0000003015:050:0000:00075% 16
Joona LuotoLW/RW2022016017:052:0023:05033% 3
Jordie BennD0000000226:122:4505:3100% 0
Justin DowlingC/LW/RW0111025126:192:0016:24046% 37
Kyle BurroughsD000-1410014:400:0000:0000% 0
Lean BergmannLW/RW011-2013119:452:2913:05067% 3
Maxim LetunovC000100102:110:0000:0000% 1
Tyrell GoulbourneLW000000108:150:0001:4900% 1
Wolves
Player Name POS G A P +/- PIM HIT SHT SB MP PP MP PP SHT PK MP PK SHT FO% FOT
Adam HelewkaLW011101006:380:0000:3500% 0
Artur GavrusC/LW000-1020012:280:0000:0000% 0
Brett SeneyLW1120015022:415:0813:07033% 9
David CottonC000-1011114:490:0000:00038% 8
Garrett MitchellRW0110027020:205:0830:5600% 1
Gregory HofmannC/LW0110024023:205:0822:58053% 30
Jamie DevaneLW0000221018:334:5700:0000% 2
Jens LookeLW/RW000-1011015:050:0000:2600% 0
Jeremiah AddisonLW/RW101100207:440:0000:0000% 0
Louie BelpedioD0111020216:050:0000:5400% 0
Marc-Olivier RoyC/LW/RW000100206:030:0000:00022% 9
Mark JankowskiC0000012020:134:5700:56056% 25
Matt TennysonD101-1211122:124:2011:1800% 0
Mitchell Vande SompelD011-1001124:164:2012:2600% 0
Radim SimekD0000203424:595:4512:2600% 0
Ryan StantonD0000002122:155:4521:5400% 0
Scott KosmachukRW0000001017:364:5700:000100% 1
Tommy CrossD0001031015:110:0000:0000% 0



Play-by-Play

1st period


0:01 of 1st period - Justin Dowling wins face-off versus Gregory Hofmann in neutral zone.
0:23 of 1st period - Shot by Justin Dowling.
0:23 of 1st period - Shot Blocked by Matt Tennyson.
1:11 of 1st period - Shot by Scott Kosmachuk.
1:11 of 1st period - Shot Hit the Post.
1:23 of 1st period - Shot by Jamie Devane.
1:23 of 1st period - Shot Misses the Net.
1:25 of 1st period - Shot by Radim Simek.
1:25 of 1st period - Stopped by Mikhal Berdin without a rebound.
1:26 of 1st period - Jay Beagle wins face-off versus David Cotton in Bears zone.
3:10 of 1st period - Minor Penalty to Cole Koepke for Goalie Interference.
3:11 of 1st period - Mark Jankowski wins face-off versus Justin Dowling in Bears zone.
4:05 of 1st period - Icing by Mitchell Vande Sompel.
4:06 of 1st period - Joona Luoto wins face-off versus Gregory Hofmann in Wolves zone.
4:19 of 1st period - Shot by Gregory Hofmann.
4:19 of 1st period - Stopped by Mikhal Berdin with a rebound.
4:21 of 1st period - Shot by Mitchell Vande Sompel.
4:21 of 1st period - Stopped by Mikhal Berdin without a rebound.
4:22 of 1st period - Justin Dowling wins face-off versus Gregory Hofmann in Bears zone.
5:20 of 1st period - Shot by Jamie Devane.
5:20 of 1st period - Shot Blocked by Lean Bergmann.
6:09 of 1st period - Artur Gavrus is hit by Dennis Gilbert and loses puck.
6:40 of 1st period - Justin Dowling is hit by Artur Gavrus and loses puck.
6:48 of 1st period - Gustav Olofsson is hit by David Cotton and loses puck.
6:57 of 1st period - Shot by Jordie Benn.
6:57 of 1st period - Shot Misses the Net.
6:59 of 1st period - Shot by Justin Dowling.
6:59 of 1st period - Stopped by Felix Sandström with a rebound.
7:09 of 1st period - Shot by Jay Beagle.
7:09 of 1st period - Shot Misses the Net.
7:11 of 1st period - Shot by Austin Watson.
7:11 of 1st period - Stopped by Felix Sandström without a rebound.
7:12 of 1st period - Jay Beagle wins face-off versus Gregory Hofmann in Wolves zone.
7:40 of 1st period - Icing by Garrett Mitchell.
7:41 of 1st period - Gregory Hofmann wins face-off versus Christoffer Ehn in Wolves zone.
8:16 of 1st period - Shot by Mark Jankowski.
8:16 of 1st period - Shot Misses the Net.
8:40 of 1st period - Shot by Mark Jankowski.
8:40 of 1st period - Shot Misses the Net.
8:42 of 1st period - Shot by Mark Jankowski.
8:42 of 1st period - Shot Misses the Net.
8:54 of 1st period - Shot by Adam Helewka.
8:54 of 1st period - Deflect By Marc-Olivier Roy.
8:54 of 1st period - Stopped by Mikhal Berdin without a rebound.
8:55 of 1st period - Jay Beagle wins face-off versus Marc-Olivier Roy in Bears zone.
9:10 of 1st period - Shot by Adam Helewka.
9:10 of 1st period - Shot Misses the Net.
9:22 of 1st period - Shot by Jay Beagle.
9:22 of 1st period - Stopped by Felix Sandström without a rebound.
9:23 of 1st period - Arttu Ruotsalainen wins face-off versus Gregory Hofmann in Wolves zone.
9:27 of 1st period - Lean Bergmann is hit by Matt Tennyson and loses puck.
9:45 of 1st period - Shot by Garrett Mitchell.
9:45 of 1st period - Stopped by Mikhal Berdin without a rebound.
9:46 of 1st period - Jay Beagle wins face-off versus Mark Jankowski in Bears zone.
9:46 of 1st period - Beck Malenstyn is hit by Jamie Devane and loses puck.
10:08 of 1st period - Austin Watson is hit by Louie Belpedio and loses puck.
10:36 of 1st period - Buddy Robinson is hit by Tommy Cross.
11:10 of 1st period - Shot by Garrett Mitchell.
11:10 of 1st period - Deflect By Gregory Hofmann.
11:10 of 1st period - Shot Misses the Net.
11:12 of 1st period - Shot by Matt Tennyson.
11:12 of 1st period - Deflect By Garrett Mitchell.
11:12 of 1st period - Stopped by Mikhal Berdin with a rebound.
11:29 of 1st period - Shot by Brett Seney.
11:29 of 1st period - Stopped by Mikhal Berdin with a rebound.
11:55 of 1st period - Shot by Joona Luoto.
11:55 of 1st period - Shot Misses the Net.
12:41 of 1st period - Shot by David Cotton.
12:41 of 1st period - Stopped by Mikhal Berdin without a rebound.
12:42 of 1st period - Jay Beagle wins face-off versus Marc-Olivier Roy in Bears zone.
12:42 of 1st period - Jay Beagle is hit by Adam Helewka.
13:16 of 1st period - Shot by Adam Helewka.
13:16 of 1st period - Shot Hit the Post.
14:37 of 1st period - Shot by Buddy Robinson.
14:37 of 1st period - Shot Misses the Net.
15:05 of 1st period - Shot by Dennis Gilbert.
15:05 of 1st period - Stopped by Felix Sandström with a rebound.
15:07 of 1st period - Shot by Chad Krys.
15:07 of 1st period - Shot Blocked by Louie Belpedio.
15:11 of 1st period - Shot by Joona Luoto.
15:11 of 1st period - Goal by Joona Luoto - Bears : 1 - Wolves : 0.
15:12 of 1st period - Jay Beagle wins face-off versus Mark Jankowski in neutral zone.
15:18 of 1st period - Icing by Jamie Devane.
15:19 of 1st period - Mark Jankowski wins face-off versus Jay Beagle in Wolves zone.
15:23 of 1st period - Icing by Ryan Stanton.
15:24 of 1st period - Mark Jankowski wins face-off versus Justin Dowling in Wolves zone.
15:24 of 1st period - Mark Jankowski is hit by Cole Koepke.
15:29 of 1st period - Radim Simek is hit by Chad Krys and loses puck.
15:46 of 1st period - Shot by Mark Jankowski.
15:46 of 1st period - Shot Misses the Net.
15:48 of 1st period - Shot by Jamie Devane.
15:48 of 1st period - Shot Misses the Net.
15:50 of 1st period - Shot by Radim Simek.
15:50 of 1st period - Shot Blocked by Dennis Gilbert.
15:57 of 1st period - Minor Penalty to Dennis Gilbert for Holding.
15:58 of 1st period - Brett Seney wins face-off versus Justin Dowling in Bears zone.
16:01 of 1st period - Shot by Gregory Hofmann.
16:01 of 1st period - Shot Blocked by Justin Dowling.
16:03 of 1st period - Shot by Mitchell Vande Sompel.
16:03 of 1st period - Shot Blocked by Gustav Olofsson.
16:05 of 1st period - Shot by Brett Seney.
16:05 of 1st period - Shot Blocked by Jordie Benn.
16:07 of 1st period - Shot by Matt Tennyson.
16:07 of 1st period - Goal by Matt Tennyson - Bears : 1 - Wolves : 1.
16:08 of 1st period - Gregory Hofmann wins face-off versus Arttu Ruotsalainen in neutral zone.
16:23 of 1st period - Gregory Hofmann is hit by Buddy Robinson and loses puck.
17:03 of 1st period - Mitchell Vande Sompel is hit by Buddy Robinson and loses puck.
17:34 of 1st period - Arttu Ruotsalainen is hit by Mark Jankowski and loses puck.
17:40 of 1st period - Icing by Gustav Olofsson.
17:41 of 1st period - Arttu Ruotsalainen wins face-off versus Marc-Olivier Roy in Bears zone.
18:10 of 1st period - Shot by Justin Dowling.
18:10 of 1st period - Stopped by Felix Sandström without a rebound.
18:11 of 1st period - Justin Dowling wins face-off versus Mark Jankowski in Wolves zone.
18:27 of 1st period - Shot by Mark Jankowski.
18:27 of 1st period - Stopped by Mikhal Berdin without a rebound.
18:28 of 1st period - David Cotton wins face-off versus Jay Beagle in Bears zone.
18:59 of 1st period - Shot by Beck Malenstyn.
18:59 of 1st period - Stopped by Felix Sandström without a rebound.
19:00 of 1st period - Gregory Hofmann wins face-off versus Justin Dowling in Wolves zone.
19:19 of 1st period - Chad Krys is hit by Garrett Mitchell and loses puck.
19:37 of 1st period - Shot by Justin Dowling.
19:37 of 1st period - Stopped by Felix Sandström with a rebound.
19:39 of 1st period - Shot by Joona Luoto.
19:39 of 1st period - Stopped by Felix Sandström without a rebound.
19:40 of 1st period - Jay Beagle wins face-off versus Mark Jankowski in Wolves zone.
19:40 of 1st period - Kyle Burroughs is hit by Tommy Cross and loses puck.
19:45 of 1st period - Shot by Beck Malenstyn.
19:45 of 1st period - Deflect By Jay Beagle.
19:45 of 1st period - Shot Misses the Net.
19:47 of 1st period - Shot by Austin Watson.
19:47 of 1st period - Shot Misses the Net.
19:50 of 1st period - Jay Beagle is hit by Tommy Cross and loses puck.
Goals for this period are 1 for Bears vs 1 for Wolves.
Shots for this period are 9 for Bears vs 10 for Wolves.

2nd period


0:01 of 2nd period - Gregory Hofmann wins face-off versus Justin Dowling in neutral zone.
0:06 of 2nd period - Shot by Garrett Mitchell.
0:06 of 2nd period - Stopped by Mikhal Berdin without a rebound.
0:07 of 2nd period - Gregory Hofmann wins face-off versus Justin Dowling in Bears zone.
0:15 of 2nd period - Shot by Brett Seney.
0:15 of 2nd period - Stopped by Mikhal Berdin without a rebound.
0:16 of 2nd period - Gregory Hofmann wins face-off versus Justin Dowling in Bears zone.
0:24 of 2nd period - Minor Penalty to Radim Simek for Roughing.
0:25 of 2nd period - Justin Dowling wins face-off versus Brett Seney in Wolves zone.
0:43 of 2nd period - Shot by Joona Luoto.
0:43 of 2nd period - Stopped by Felix Sandström without a rebound.
0:44 of 2nd period - Arttu Ruotsalainen wins face-off versus Gregory Hofmann in Wolves zone.
0:55 of 2nd period - Shot by Buddy Robinson.
0:55 of 2nd period - Goal by Buddy Robinson - Bears : 2 - Wolves : 1.
0:56 of 2nd period - Justin Dowling wins face-off versus Jamie Devane in neutral zone.
1:48 of 2nd period - Icing by Radim Simek.
1:49 of 2nd period - Jay Beagle wins face-off versus Jamie Devane in Wolves zone.
2:10 of 2nd period - Shot by Gregory Hofmann.
2:10 of 2nd period - Shot Blocked by Beck Malenstyn.
2:59 of 2nd period - Arttu Ruotsalainen is hit by Artur Gavrus and loses puck.
3:15 of 2nd period - Kyle Burroughs is hit by Louie Belpedio and loses puck.
4:04 of 2nd period - Shot by Cole Koepke.
4:04 of 2nd period - Shot Misses the Net.
5:12 of 2nd period - Shot by Austin Watson.
5:12 of 2nd period - Deflect By Jay Beagle.
5:12 of 2nd period - Shot Misses the Net.
5:40 of 2nd period - Icing by Mitchell Vande Sompel.
5:41 of 2nd period - Christoffer Ehn wins face-off versus Mark Jankowski in Wolves zone.
5:42 of 2nd period - Shot by Tyrell Goulbourne.
5:42 of 2nd period - Shot Misses the Net.
7:19 of 2nd period - David Cotton is hit by Austin Watson and loses puck.
7:57 of 2nd period - Icing by Tommy Cross.
7:58 of 2nd period - Lean Bergmann wins face-off versus Marc-Olivier Roy in Wolves zone.
8:15 of 2nd period - Shot by Adam Helewka.
8:15 of 2nd period - Deflect By Jeremiah Addison.
8:15 of 2nd period - Goal by Jeremiah Addison - Bears : 2 - Wolves : 2.
8:16 of 2nd period - Justin Dowling wins face-off versus Gregory Hofmann in neutral zone.
8:16 of 2nd period - Justin Dowling is hit by Garrett Mitchell.
8:38 of 2nd period - Shot by Joona Luoto.
8:38 of 2nd period - Goal by Joona Luoto - Bears : 3 - Wolves : 2.
8:39 of 2nd period - Mark Jankowski wins face-off versus Jay Beagle in neutral zone.
9:00 of 2nd period - Shot by Jay Beagle.
9:00 of 2nd period - Shot Misses the Net.
9:19 of 2nd period - Austin Watson is hit by Gregory Hofmann and loses puck.
9:31 of 2nd period - Off-side.
9:32 of 2nd period - Arttu Ruotsalainen wins face-off versus David Cotton in neutral zone.
10:08 of 2nd period - Shot by Andreas Borgman.
10:08 of 2nd period - Stopped by Felix Sandström with a rebound.
10:17 of 2nd period - Minor Penalty to Kyle Burroughs for Roughing.
10:18 of 2nd period - Gregory Hofmann wins face-off versus Justin Dowling in Bears zone.
10:29 of 2nd period - Shot by Brett Seney.
10:29 of 2nd period - Shot Misses the Net.
10:31 of 2nd period - Shot by Brett Seney.
10:31 of 2nd period - Shot Misses the Net.
10:41 of 2nd period - Shot by Garrett Mitchell.
10:41 of 2nd period - Stopped by Mikhal Berdin without a rebound.
10:42 of 2nd period - Justin Dowling wins face-off versus Mark Jankowski in Bears zone.
10:49 of 2nd period - Mark Jankowski is hit by Cole Koepke and loses puck.
11:04 of 2nd period - Shot by Jamie Devane.
11:04 of 2nd period - Shot Misses the Net.
11:06 of 2nd period - Shot by Radim Simek.
11:06 of 2nd period - Stopped by Mikhal Berdin without a rebound.
11:07 of 2nd period - Gregory Hofmann wins face-off versus Justin Dowling in Bears zone.
11:36 of 2nd period - Shot by Gregory Hofmann.
11:36 of 2nd period - Shot Misses the Net.
11:38 of 2nd period - Shot by Gregory Hofmann.
11:38 of 2nd period - Stopped by Mikhal Berdin without a rebound.
11:39 of 2nd period - Justin Dowling wins face-off versus Mark Jankowski in Bears zone.
11:47 of 2nd period - Off-side.
11:48 of 2nd period - Mark Jankowski wins face-off versus Justin Dowling in neutral zone.
11:48 of 2nd period - Scott Kosmachuk is hit by Justin Dowling and loses puck.
11:55 of 2nd period - Shot by Scott Kosmachuk.
11:55 of 2nd period - Shot Hit the Post.
12:10 of 2nd period - Shot by Ryan Stanton.
12:10 of 2nd period - Stopped by Mikhal Berdin with a rebound.
12:12 of 2nd period - Shot by Ryan Stanton.
12:12 of 2nd period - Shot Misses the Net.
12:32 of 2nd period - Shot by Garrett Mitchell.
12:32 of 2nd period - Stopped by Mikhal Berdin with a rebound.
13:25 of 2nd period - Minor Penalty to Matt Tennyson for Tripping.
13:26 of 2nd period - Justin Dowling wins face-off versus Brett Seney in Wolves zone.
13:35 of 2nd period - Shot by Joona Luoto.
13:35 of 2nd period - Stopped by Felix Sandström without a rebound.
13:36 of 2nd period - Justin Dowling wins face-off versus Brett Seney in Wolves zone.
13:41 of 2nd period - Shot by Justin Dowling.
13:41 of 2nd period - Shot Blocked by Mitchell Vande Sompel.
14:02 of 2nd period - Shot by Justin Dowling.
14:02 of 2nd period - Stopped by Felix Sandström without a rebound.
14:03 of 2nd period - Arttu Ruotsalainen wins face-off versus Brett Seney in Wolves zone.
14:36 of 2nd period - Shot by Lean Bergmann.
14:36 of 2nd period - Shot Blocked by Radim Simek.
15:05 of 2nd period - Icing by Lean Bergmann.
15:06 of 2nd period - Arttu Ruotsalainen wins face-off versus Brett Seney in Bears zone.
15:53 of 2nd period - Shot by Justin Dowling.
15:53 of 2nd period - Shot Blocked by Louie Belpedio.
15:55 of 2nd period - Shot by Cole Koepke.
15:55 of 2nd period - Stopped by Felix Sandström with a rebound.
15:57 of 2nd period - Shot by Cole Koepke.
15:57 of 2nd period - Stopped by Felix Sandström with a rebound.
15:59 of 2nd period - Shot by Dennis Gilbert.
15:59 of 2nd period - Stopped by Felix Sandström with a rebound.
16:03 of 2nd period - Shot by Cole Koepke.
16:03 of 2nd period - Shot Misses the Net.
16:31 of 2nd period - Shot by Jay Beagle.
16:31 of 2nd period - Stopped by Felix Sandström without a rebound.
16:32 of 2nd period - Christoffer Ehn wins face-off versus Marc-Olivier Roy in Wolves zone.
16:35 of 2nd period - Shot by Tyrell Goulbourne.
16:35 of 2nd period - Shot Misses the Net.
17:03 of 2nd period - Shot by Jeremiah Addison.
17:03 of 2nd period - Deflect By Marc-Olivier Roy.
17:03 of 2nd period - Stopped by Mikhal Berdin without a rebound.
17:04 of 2nd period - Jay Beagle wins face-off versus Gregory Hofmann in Bears zone.
17:04 of 2nd period - Jay Beagle is hit by Brett Seney.
17:14 of 2nd period - Shot by Jay Beagle.
17:14 of 2nd period - Stopped by Felix Sandström without a rebound.
17:15 of 2nd period - Jay Beagle wins face-off versus Mark Jankowski in Wolves zone.
17:27 of 2nd period - Minor Penalty to Gustav Olofsson for Tripping.
17:28 of 2nd period - Gregory Hofmann wins face-off versus Justin Dowling in Bears zone.
18:30 of 2nd period - Off-side.
18:31 of 2nd period - Mark Jankowski wins face-off versus Tyrell Goulbourne in neutral zone.
Goals for this period are 2 for Bears vs 1 for Wolves.
Shots for this period are 11 for Bears vs 9 for Wolves.

3rd period


0:01 of 3rd period - Gregory Hofmann wins face-off versus Justin Dowling in neutral zone.
0:32 of 3rd period - Gustav Olofsson is hit by Gregory Hofmann and loses puck.
1:05 of 3rd period - Scott Kosmachuk is hit by Buddy Robinson and loses puck.
1:27 of 3rd period - Icing by Dennis Gilbert.
1:28 of 3rd period - Marc-Olivier Roy wins face-off versus Arttu Ruotsalainen in Bears zone.
1:28 of 3rd period - Marc-Olivier Roy is hit by Dennis Gilbert.
1:31 of 3rd period - Minor Penalty to Chad Krys for Holding.
1:32 of 3rd period - Mark Jankowski wins face-off versus Justin Dowling in Bears zone.
1:33 of 3rd period - Shot by Radim Simek.
1:33 of 3rd period - Shot Blocked by Jordie Benn.
1:40 of 3rd period - Icing by Jamie Devane.
1:41 of 3rd period - Scott Kosmachuk wins face-off versus Justin Dowling in Wolves zone.
1:58 of 3rd period - Shot by Ryan Stanton.
1:58 of 3rd period - Stopped by Mikhal Berdin without a rebound.
1:59 of 3rd period - Gregory Hofmann wins face-off versus Justin Dowling in Bears zone.
2:06 of 3rd period - Shot by Garrett Mitchell.
2:06 of 3rd period - Stopped by Mikhal Berdin without a rebound.
2:07 of 3rd period - Justin Dowling wins face-off versus Gregory Hofmann in Bears zone.
3:05 of 3rd period - Icing by Radim Simek.
3:06 of 3rd period - Mark Jankowski wins face-off versus Joona Luoto in Wolves zone.
3:06 of 3rd period - Mark Jankowski is hit by Joona Luoto.
3:09 of 3rd period - Ryan Stanton is hit by Lean Bergmann and loses puck.
3:30 of 3rd period - Andreas Borgman is hit by Jamie Devane and loses puck.
3:53 of 3rd period - Shot by Austin Watson.
3:53 of 3rd period - Shot Hit the Post.
3:55 of 3rd period - Shot by Andreas Borgman.
3:55 of 3rd period - Shot Misses the Net.
4:05 of 3rd period - Shot by Austin Watson.
4:05 of 3rd period - Shot Misses the Net.
4:07 of 3rd period - Shot by Austin Watson.
4:07 of 3rd period - Shot Hit the Post.
4:22 of 3rd period - Icing by Jordie Benn.
4:23 of 3rd period - Arttu Ruotsalainen wins face-off versus Gregory Hofmann in Bears zone.
4:25 of 3rd period - Icing by Lean Bergmann.
4:26 of 3rd period - Gregory Hofmann wins face-off versus Arttu Ruotsalainen in Bears zone.
4:33 of 3rd period - Shot by Brett Seney.
4:33 of 3rd period - Stopped by Mikhal Berdin without a rebound.
4:34 of 3rd period - Justin Dowling wins face-off versus Gregory Hofmann in Bears zone.
4:53 of 3rd period - Shot by Cole Koepke.
4:53 of 3rd period - Stopped by Felix Sandström without a rebound.
4:54 of 3rd period - Mark Jankowski wins face-off versus Arttu Ruotsalainen in Wolves zone.
5:00 of 3rd period - Icing by Jamie Devane.
5:01 of 3rd period - Justin Dowling wins face-off versus Mark Jankowski in Wolves zone.
5:14 of 3rd period - Shot by Cole Koepke.
5:14 of 3rd period - Stopped by Felix Sandström without a rebound.
5:15 of 3rd period - Gregory Hofmann wins face-off versus Lean Bergmann in Wolves zone.
5:27 of 3rd period - Icing by Dennis Gilbert.
5:28 of 3rd period - Mark Jankowski wins face-off versus Arttu Ruotsalainen in Bears zone.
5:36 of 3rd period - Icing by Dennis Gilbert.
5:37 of 3rd period - Gregory Hofmann wins face-off versus Arttu Ruotsalainen in Bears zone.
5:42 of 3rd period - Shot by Gregory Hofmann.
5:42 of 3rd period - Stopped by Mikhal Berdin without a rebound.
5:43 of 3rd period - Justin Dowling wins face-off versus Gregory Hofmann in Bears zone.
6:58 of 3rd period - Shot by Mark Jankowski.
6:58 of 3rd period - Stopped by Mikhal Berdin without a rebound.
6:59 of 3rd period - Marc-Olivier Roy wins face-off versus Jay Beagle in Bears zone.
7:28 of 3rd period - Shot by Beck Malenstyn.
7:28 of 3rd period - Shot Misses the Net.
7:36 of 3rd period - Shot by Beck Malenstyn.
7:36 of 3rd period - Stopped by Felix Sandström without a rebound.
7:37 of 3rd period - Arttu Ruotsalainen wins face-off versus Mark Jankowski in Wolves zone.
7:50 of 3rd period - Shot by Mark Jankowski.
7:50 of 3rd period - Shot Misses the Net.
7:52 of 3rd period - Shot by Mark Jankowski.
7:52 of 3rd period - Deflect By Jamie Devane.
7:52 of 3rd period - Stopped by Mikhal Berdin with a rebound.
8:04 of 3rd period - Minor Penalty to Jamie Devane for Hooking.
8:05 of 3rd period - Brett Seney wins face-off versus Justin Dowling in Wolves zone.
8:05 of 3rd period - Brett Seney is hit by Justin Dowling.
8:31 of 3rd period - Shot by Brett Seney.
8:31 of 3rd period - Shot Misses the Net.
8:34 of 3rd period - Icing by Gustav Olofsson.
8:35 of 3rd period - Brett Seney wins face-off versus Justin Dowling in Bears zone.
9:29 of 3rd period - Icing by Arttu Ruotsalainen.
9:30 of 3rd period - Lean Bergmann wins face-off versus Brett Seney in Bears zone.
9:39 of 3rd period - Shot by Lean Bergmann.
9:39 of 3rd period - Stopped by Felix Sandström with a rebound.
9:41 of 3rd period - Shot by Lean Bergmann.
9:41 of 3rd period - Shot Blocked by Radim Simek.
9:43 of 3rd period - Shot by Chad Krys.
9:43 of 3rd period - Shot Blocked by Radim Simek.
10:23 of 3rd period - Shot by Artur Gavrus.
10:23 of 3rd period - Shot Misses the Net.
10:24 of 3rd period - Minor Penalty to Kyle Burroughs for Holding.
10:25 of 3rd period - Mark Jankowski wins face-off versus Justin Dowling in Bears zone.
11:29 of 3rd period - Shot by Radim Simek.
11:29 of 3rd period - Deflect By Garrett Mitchell.
11:29 of 3rd period - Stopped by Mikhal Berdin with a rebound.
11:31 of 3rd period - Shot by Ryan Stanton.
11:31 of 3rd period - Deflect By Brett Seney.
11:31 of 3rd period - Shot Blocked by Chad Krys.
11:33 of 3rd period - Shot by Brett Seney.
11:33 of 3rd period - Stopped by Mikhal Berdin without a rebound.
11:34 of 3rd period - Mark Jankowski wins face-off versus Joona Luoto in Bears zone.
13:21 of 3rd period - Shot by Tyrell Goulbourne.
13:21 of 3rd period - Shot Misses the Net.
13:23 of 3rd period - Shot by Christoffer Ehn.
13:23 of 3rd period - Stopped by Felix Sandström without a rebound.
13:24 of 3rd period - Arttu Ruotsalainen wins face-off versus Marc-Olivier Roy in Wolves zone.
13:25 of 3rd period - Shot by Lean Bergmann.
13:25 of 3rd period - Stopped by Felix Sandström without a rebound.
13:26 of 3rd period - Arttu Ruotsalainen wins face-off versus Garrett Mitchell in Wolves zone.
13:32 of 3rd period - Icing by Radim Simek.
13:33 of 3rd period - Arttu Ruotsalainen wins face-off versus Gregory Hofmann in Wolves zone.
13:51 of 3rd period - Shot by Jordie Benn.
13:51 of 3rd period - Shot Misses the Net.
13:57 of 3rd period - Shot by Gregory Hofmann.
13:57 of 3rd period - Stopped by Mikhal Berdin without a rebound.
13:58 of 3rd period - Justin Dowling wins face-off versus Mark Jankowski in Bears zone.
14:21 of 3rd period - Shot by Cole Koepke.
14:21 of 3rd period - Stopped by Felix Sandström without a rebound.
14:22 of 3rd period - Jay Beagle wins face-off versus Gregory Hofmann in Wolves zone.
14:29 of 3rd period - Shot by Beck Malenstyn.
14:29 of 3rd period - Shot Misses the Net.
14:36 of 3rd period - Gregory Hofmann is hit by Kyle Burroughs and loses puck.
14:55 of 3rd period - Shot by Ryan Stanton.
14:55 of 3rd period - Shot Misses the Net.
15:10 of 3rd period - Icing by Radim Simek.
15:11 of 3rd period - Gregory Hofmann wins face-off versus Justin Dowling in Wolves zone.
15:11 of 3rd period - Gregory Hofmann is hit by Cole Koepke.
15:39 of 3rd period - Shot by Justin Dowling.
15:39 of 3rd period - Shot Misses the Net.
15:41 of 3rd period - Shot by Justin Dowling.
15:41 of 3rd period - Shot Misses the Net.
15:43 of 3rd period - Shot by Gustav Olofsson.
15:43 of 3rd period - Stopped by Felix Sandström with a rebound.
15:45 of 3rd period - Shot by Jordie Benn.
15:45 of 3rd period - Deflect By Joona Luoto.
15:45 of 3rd period - Stopped by Felix Sandström without a rebound.
15:46 of 3rd period - Mark Jankowski wins face-off versus Arttu Ruotsalainen in Wolves zone.
16:16 of 3rd period - Shot by Buddy Robinson.
16:16 of 3rd period - Deflect By Arttu Ruotsalainen.
16:16 of 3rd period - Stopped by Felix Sandström without a rebound.
16:17 of 3rd period - Jay Beagle wins face-off versus Marc-Olivier Roy in Wolves zone.
17:09 of 3rd period - Andreas Borgman is hit by Jens Looke and loses puck.
17:47 of 3rd period - Off-side.
17:48 of 3rd period - Mark Jankowski wins face-off versus Justin Dowling in neutral zone.
17:51 of 3rd period - Shot by Scott Kosmachuk.
17:51 of 3rd period - Stopped by Mikhal Berdin with a rebound.
18:09 of 3rd period - Shot by Justin Dowling.
18:09 of 3rd period - Stopped by Felix Sandström with a rebound.
18:11 of 3rd period - Shot by Joona Luoto.
18:11 of 3rd period - Shot Misses the Net.
18:21 of 3rd period - Shot by Justin Dowling.
18:21 of 3rd period - Shot Misses the Net.
18:23 of 3rd period - Shot by Joona Luoto.
18:23 of 3rd period - Shot Misses the Net.
18:25 of 3rd period - Shot by Jordie Benn.
18:25 of 3rd period - Shot Blocked by Ryan Stanton.
18:43 of 3rd period - Shot by Buddy Robinson.
18:43 of 3rd period - Shot Misses the Net.
18:45 of 3rd period - Shot by Lean Bergmann.
18:45 of 3rd period - Stopped by Felix Sandström without a rebound.
18:46 of 3rd period - Gregory Hofmann wins face-off versus Arttu Ruotsalainen in Wolves zone.
18:46 of 3rd period - Gregory Hofmann is hit by Arttu Ruotsalainen.
18:52 of 3rd period - Shot by Tommy Cross.
18:52 of 3rd period - Stopped by Mikhal Berdin with a rebound.
19:00 of 3rd period - Wolves, Felix Sandström is pulled from the net.
19:00 of 3rd period - Shot by Gregory Hofmann.
19:00 of 3rd period - Shot Blocked by Chad Krys.
19:02 of 3rd period - Shot by Brett Seney.
19:02 of 3rd period - Goal by Brett Seney - Bears : 3 - Wolves : 3.
19:02 of 3rd period - Felix Sandström from Wolves was sent back in the game.
19:03 of 3rd period - David Cotton wins face-off versus Christoffer Ehn in neutral zone.
19:14 of 3rd period - Shot by Tyrell Goulbourne.
19:14 of 3rd period - Stopped by Felix Sandström with a rebound.
19:53 of 3rd period - Gregory Hofmann is hit by Dennis Gilbert and loses puck.
19:59 of 3rd period - Icing by Dennis Gilbert.
Goals for this period are 0 for Bears vs 1 for Wolves.
Shots for this period are 13 for Bears vs 12 for Wolves.

Overtime #1


0:01 of 1st overtime period - Justin Dowling wins face-off versus David Cotton in neutral zone.
0:58 of 1st overtime period - Shot by Jeremiah Addison.
0:58 of 1st overtime period - Stopped by Mikhal Berdin without a rebound.
0:59 of 1st overtime period - David Cotton wins face-off versus Maxim Letunov in Bears zone.
1:12 of 1st overtime period - Shot by Jens Looke.
1:12 of 1st overtime period - Stopped by Mikhal Berdin with a rebound.
1:14 of 1st overtime period - Shot by Radim Simek.
1:14 of 1st overtime period - Shot Misses the Net.
1:16 of 1st overtime period - Shot by Radim Simek.
1:16 of 1st overtime period - Stopped by Mikhal Berdin with a rebound.
2:38 of 1st overtime period - Shot by Maxim Letunov.
2:38 of 1st overtime period - Stopped by Felix Sandström without a rebound.
2:39 of 1st overtime period - Cole Koepke wins face-off versus David Cotton in Wolves zone.
2:44 of 1st overtime period - Shot by Austin Watson.
2:44 of 1st overtime period - Shot Blocked by Radim Simek.
2:46 of 1st overtime period - Shot by Cole Koepke.
2:46 of 1st overtime period - Shot Misses the Net.
2:48 of 1st overtime period - Shot by Cole Koepke.
2:48 of 1st overtime period - Shot Misses the Net.
3:08 of 1st overtime period - Shot by Cole Koepke.
3:08 of 1st overtime period - Shot Blocked by David Cotton.
4:45 of 1st overtime period - Shot by Cole Koepke.
4:45 of 1st overtime period - Stopped by Felix Sandström with a rebound.
4:47 of 1st overtime period - Shot by Cole Koepke.
4:47 of 1st overtime period - Shot Misses the Net.
4:49 of 1st overtime period - Shot by Cole Koepke.
4:49 of 1st overtime period - Stopped by Felix Sandström without a rebound.
4:50 of 1st overtime period - Justin Dowling wins face-off versus David Cotton in Wolves zone.
Goals for this period are 0 for Bears vs 0 for Wolves.
Shots for this period are 3 for Bears vs 3 for Wolves.

ShootOut


5:00 of 1st overtime period - Round #1.
5:00 of 1st overtime period - Bears , Justin Dowling.
5:00 of 1st overtime period - Shot Misses the Net.
5:00 of 1st overtime period - Wolves, Brett Seney.
5:00 of 1st overtime period - Goal by Brett Seney.
5:00 of 1st overtime period - Round #2.
5:00 of 1st overtime period - Bears , Cole Koepke.
5:00 of 1st overtime period - Goal by Cole Koepke.
5:00 of 1st overtime period - Wolves, Gregory Hofmann.
5:00 of 1st overtime period - Stopped by Mikhal Berdin.
5:00 of 1st overtime period - Round #3.
5:00 of 1st overtime period - Bears , Joona Luoto.
5:00 of 1st overtime period - Stopped by Felix Sandström.
5:00 of 1st overtime period - Wolves, Garrett Mitchell.
5:00 of 1st overtime period - Goal by Garrett Mitchell.